 Dungeon Crawl Stone Soup version 0.29.1-14-g9c671dbff4 (webtiles) character file.

Game seed: 999592150070909668

938 hawla the Firebug (level 8, -5/58 HPs)
             Began as a Meteoran Fire Elementalist on Feb 12, 2023.
             Was an Initiate of Vehumet.
             Slain by a lemure (8 damage)
             ... led by Pikel
             ... on level 7 of the Dungeon.
             The game lasted 00:07:30 (1096 turns).

hawla the Firebug (Meteoran Fire Elementalist)      Turns: 1096, Time: 00:07:30

Health: -5/58      AC:  2    Str: 11    XL:     8   Next: 60%
Magic:  12/18      EV: 10    Int: 18    God:    Vehumet [......]
Gold:   70         SH:  0    Dex: 14    Spells: 12/19 levels left

rFire   . . .      SeeInvis .   (no weapon)
rCold   . . .      Faith    .   (no shield)
rNeg    . . .      Spirit   .   a - +0 robe
rPois   .          Reflect  .   (no helmet)
rElec   .          Harm     .   (no cloak)
rCorr   .          Rampage  .   (no gloves)
Will    +....                   (no boots)
Stlth   +.........              (no amulet)
HPRegen 0.19/turn               (no ring)
MPRegen 0.16/turn               (no ring)

@: lethally poisoned (-5 -> -16), grasped by roots, glowing, constricted
A: sense surroundings 1, otherworldly, glowing, explore regen
a: Renounce Religion


You were on level 7 of the Dungeon.
You worshipped Vehumet.
Vehumet was noncommittal.
You visited 1 branch of the dungeon, and saw 8 of its levels.

You collected 160 gold pieces.
You spent 90 gold pieces at shops.

Inventory:

Armour
 a - a +0 robe (worn)
Scrolls
 f - 2 scrolls of teleportation
 g - a scroll of blinking {unknown}
 h - 2 scrolls of identify
 i - a scroll of enchant armour {unknown}
Potions
 b - a potion of magic
 c - a potion of brilliance {unknown}
 d - a potion of flight {unknown}
 e - a potion of cancellation {unknown}


   Skills:
 + Level 0.4 Fighting
 + Level 4.2 Dodging
 - Level 1.6 Stealth
 + Level 6.4 Spellcasting
 + Level 5.9 Conjurations
 + Level 6.7 Fire Magic


You had 12 spell levels left.
You knew the following spells:

 Your Spells              Type           Power      Damage    Failure   Level
a - Foxfire               Conj/Fire      100%       2x1d9     1%          1
b - Scorch                Fire           58%        2d8       1%          2
c - Flame Wave            Conj/Fire      28%        2d9       9%          4

Your spell library contained the following spells:

 Spells                   Type           Power      Damage    Failure   Level
 Conjure Flame            Conj/Fire      28%        6-21      2%          3
 Inner Flame              Hex/Fire       17%        N/A       9%          3
 Summon Cactus Giant      Summ           2%         N/A       100%        6


Dungeon Overview and Level Annotations

Branches:
Dungeon (8/15) Zot: 3701
 Temple: D:4-7         Lair: D:8-11

Altars:
Hepliaklqana
Vehumet
Zin

Annotations:
D:6 Grinder
D:7 Pikel


Innate Abilities, Weirdness & Mutations

You passively map a small area around you.
You are easily found by Zot.
You glow in the dark.
You regain HP and MP as you explore.


Message History

The lemure is unaffected.
The grasping roots constrict you! The lemure closely misses you.
The water moccasin bites you.
A wave of flame ripples out!
The flame wave engulfs the lemure!
The lemure is severely wounded.
The flame wave engulfs the water moccasin!
The water moccasin is moderately wounded.
The flame wave engulfs the lemure.
The lemure is heavily wounded.
The flame wave engulfs the ufetubus.
The ufetubus is burned terribly!
The ufetubus is moderately wounded.
The flame wave engulfs the lemure.
The lemure is moderately wounded.
The water moccasin bites you!
You are poisoned.
The water moccasin poisons you! The grasping roots constrict you.
A sky beast comes into view.
A wave of flame ripples out!
The flame wave engulfs the lemure.
The lemure is severely wounded.
The flame wave engulfs the lemure!
The lemure is severely wounded.
The flame wave engulfs the water moccasin!
The water moccasin is severely wounded.
The flame wave engulfs the ufetubus!
The ufetubus is burned terribly!
You kill the ufetubus!
Vehumet accepts your kill.
The flame wave engulfs the lemure!
The lemure is almost dead.
The flame wave engulfs the centaur!
The centaur is moderately wounded.
The flame wave engulfs the lemure!
The lemure is moderately wounded.
You finish channelling waves of flame.
* * * LOW HITPOINT WARNING * * *
You feel very sick. The water moccasin bites you.
* * * LOW HITPOINT WARNING * * *
The grasping roots constrict you!
* * * LOW HITPOINT WARNING * * *
The lemure hits you!
You die...

#.........####### ,
#.........# *
#[........# * ,
#......#### ,
##......#### ,, ** *
#...)......# , , *
#..........# * ,
,,............#*
####.,
..........5@##......
,,,
...#######5Sc...Y..
, ...* #..5........
## #..K..5..... , *
#...........
###.......#. ,
#.......# ,
#.......# * *
#.......# ,


You could see Pikel, a water moccasin, a sky beast, 4 lemures and a centaur.

Vanquished Creatures
  2 ice beasts
  An ogre (D:5)
  A centaur (D:5)
  A necrophage (D:7)
  A bullfrog (D:7)
  3 wights (D:7)
  3 killer bees (D:6)
  A hound (D:5)
  An iguana (D:5)
  2 orc wizards
  4 adders
  3 white imps
  2 ufetubi
  2 dart slugs
  2 orcs (D:6)
  An endoplasm (D:4)
  3 goblins
  A hobgoblin (D:4)
  4 kobolds
  A quokka (D:2)
39 creatures vanquished.

Vanquished Creatures (others)
  72 foxfires
72 creatures vanquished.

Grand Total: 111 creatures vanquished

Notes
Turn   | Place    | Note
-------+----------+-------------------------------------------
     0 | D:1      | hawla the Meteoran Fire Elementalist began the quest for
                  | the Orb.
     0 | D:1      | Reached XP level 1. HP: 14/14 MP: 5/5
   188 | D:2      | Reached XP level 2. HP: 20/20 MP: 3/6
   194 | D:2      | Learned a level 2 spell: Scorch
   508 | D:5      | Entered Level 5 of the Dungeon
   519 | D:5      | Noticed an ice beast
   524 | D:5      | Reached XP level 3. HP: 26/26 MP: 2/8
   533 | D:5      | Reached XP level 4. HP: 9/33 MP: 6/10
   534 | D:5      | Killed an ice beast
   535 | D:5      | Reached skill level 5 in Fire Magic
   535 | D:5      | Reached XP level 5. HP: 11/38 MP: 2/12
   540 | D:5      | Learned a level 4 spell: Flame Wave
   549 | D:5      | Found Zin's Purification Station.
   554 | D:5      | Found a glowing silver altar of Zin.
   566 | D:5      | Found a hazy altar of Hepliaklqana.
   583 | D:5      | Bought a potion of curing for 90 gold pieces
   584 | D:5      | Noticed an ogre
   590 | D:5      | Killed an ogre
   591 | D:5      | Reached XP level 6. HP: 14/45 MP: 5/13
   616 | D:5      | Found a radiant altar of Vehumet.
   624 | D:5      | Became a worshipper of Vehumet
   653 | D:5      | Noticed a centaur
   663 | D:5      | Killed a centaur
   664 | D:5      | Reached skill level 5 in Conjurations
   664 | D:5      | Reached XP level 7. HP: 18/50 MP: 6/14
   805 | D:6      | Noticed Grinder
   851 | D:6      | Reached skill level 5 in Spellcasting
   920 | D:7      | Reached XP level 8. HP: 55/57 MP: 9/16
  1091 | D:7      | Noticed Pikel
  1096 | D:7      | Slain by a lemure

Illustrated notes

Levels and vault maps discovered:
D:1:      dpeg_arrival_tiny_k, layout_loops_ring,
          shapermc_ecumenical_altar_mp_highgroup, dreamdust_princess_corridor,
          st_stairs_4
D:2:      layout_loops_ring
D:3:      layout_loops_corners
D:4:      layout_basic, minmay_temple_entry_glassed_door
D:5:      layout_loops_cross, vehumet_crystals, evilmike_ruin_ashenzari,
          zin_purify, nicolae_overflow_crystal_walls,
          chequers_serial_rivers_marsh, minmay_increasing_density
D:6:      layout_basic, serial_glass, glass_columns_a, glass_columns_b,
          serial_shops, shop, shop, shop, kennysheep_little_box, uniq_grinder
D:7:      layout_basic, grunt_gozag_breadcrumbs, uniq_pikel
D:8:      layout_loops_ring, erik_lair_orcish_takeover, serial_demonic,
          serial_demonic_e, serial_demonic_e, serial_demonic_f,
          serial_demonic_b, serial_demonic_g, serial_demonic_c,
          serial_demonic_e, enter_bailey_3, kennysheep_small_circle

Skill      XL: |  1  2  3  4  5  6  7  8 |
---------------+-------------------------+-----
Spellcasting   | 3 4 5 6 |  6.4
Fire Magic     | 4 5 6 |  6.7
Dodging        | 3 4 |  4.2
Conjurations   | 2 4 5 |  5.9
Fighting       | |  0.4
Stealth        | |  1.6

Action                   |  1- 3 |  4- 6 |  7- 9 || total
-------------------------+-------+-------+-------++-------
Melee: Unarmed           |     3 |     2 |       ||     5
 Cast: Foxfire           |    21 |     3 |    17 ||    41
       Scorch            |     2 |    11 |    15 ||    28
       Flame Wave        |       |       |     7 ||     7
  Use: Scroll            |     4 |       |       ||     4
       Potion            |     1 |       |     3 ||     4
Armor: Robe              |     2 |     1 |     2 ||     5
Dodge: Dodged            |     7 |    15 |    13 ||    35
